 Dungeon Crawl Stone Soup version 0.29.1-12-g30fa7ad0bf (webtiles) character file.

Game seed: 6539552302635647202

10276 suipiss the Scholar of Death (level 11, -1/68 HPs)
             Began as a Demonspawn Necromancer on Jan 13, 2023.
             Was a Follower of Kikubaaqudgha.
             Slain by a seven-headed hydra (12 damage)
             ... on level 11 of the Dungeon.
             The game lasted 00:24:06 (13616 turns).

suipiss the Scholar of Death (DsNe)                Turns: 13616, Time: 00:24:07

Health: -1/68      AC:  7    Str:  9    XL:     11   Next: 34%
Magic:  12/24      EV: 12    Int: 23    God:    Kikubaaqudgha [*.....]
Gold:   178        SH:  0    Dex: 13    Spells: 17/29 levels left

rFire   + . .      SeeInvis .   R - +5 hand axe
rCold   + + .      Faith    .   (no shield)
rNeg    . . .      Spirit   .   O - +1 robe {Will+}
rPois   .          Reflect  .   A - +2 helmet
rElec   .          Harm     .   S - scarf {rC+ rF+}
rCorr   .          Rampage  .   C - +0 pair of gloves
Will    ++...                   (no boots)
Stlth   ++........              (no amulet)
HPRegen 0.21/turn               v - ring of willpower
MPRegen 0.19/turn               t - ring of protection from cold

@: no status effects
A: hooves 2, spiny 1, big brain 1
a: Renounce Religion, Unearth Wretches


You were on level 11 of the Dungeon.
You worshipped Kikubaaqudgha.
Kikubaaqudgha was aware of your devotion.
You visited 2 branches of the dungeon, and saw 12 of its levels.

You collected 592 gold pieces.
You spent 414 gold pieces at shops.

Inventory:

Hand Weapons
 L - a +3 mace of freezing
 R - a +5 hand axe (weapon)
Armour
 a - a +0 robe
 o - a +0 cloak
 A - a +2 helmet (worn)
 C - a +0 pair of gloves (worn)
 J - +0 steam dragon scales
 O - a +1 robe of willpower (worn)
 S - a scarf of resistance (worn)
Magical Staves
 G - a staff of conjuration
Jewellery
 k - a ring of see invisible
 t - a ring of protection from cold (right hand)
 v - a ring of willpower (left hand)
 F - a +6 ring of dexterity
 H - a ring of protection from fire
 P - a ring of resist corrosion
 T - a ring of flight
Wands
 g - a wand of iceblast (6)
 s - a wand of polymorph (9)
 K - a wand of paralysis (18)
 N - a wand of light (2)
 Q - a wand of flame (16)
Scrolls
 c - 2 scrolls of torment
 f - 2 scrolls of brand weapon {unknown}
 l - 3 scrolls of butterflies {unknown}
 m - 4 scrolls of teleportation
 r - 2 scrolls of enchant weapon {unknown}
 u - a scroll of noise {unknown}
 w - 3 scrolls of summoning {unknown}
 x - 2 scrolls of poison {unknown}
 y - 3 scrolls of blinking {unknown}
 B - 2 scrolls of immolation {unknown}
 E - 2 scrolls of magic mapping {unknown}
Potions
 d - a potion of haste
 e - 2 potions of flight
 h - 2 potions of brilliance
 i - 2 potions of cancellation
 j - 2 potions of heal wounds
 n - a potion of mutation
 p - a potion of magic
 q - 2 potions of curing
 z - 2 potions of ambrosia
 D - a potion of resistance
 I - 4 potions of lignification


   Skills:
 - Level 1.7 Dodging
 - Level 1.7 Stealth
 * Level 9.5 Spellcasting
 * Level 7.8 Conjurations
 * Level 11.8 Necromancy
 * Level 7.1 Earth Magic


You had 17 spell levels left.
You knew the following spells:

 Your Spells              Type           Power      Damage    Failure   Level
a - Necrotise             Necr           100%       1d9       1%          1
b - Vampiric Draining     Necr           60%        2d10      1%          3
c - Agony                 Necr           60%        N/A       1%          5
d - Stone Arrow           Conj/Erth      90%        3d12      1%          3

Your spell library contained the following spells:

 Spells                   Type           Power      Damage    Failure   Level
 Foxfire                  Conj/Fire      100%       2x1d9     1%          1
 Sandblast                Erth           86%        2d18      1%          1
 Passwall                 Tmut/Erth      22%        N/A       1%          2
 Sublimation of Blood     Necr           60%        N/A       1%          2
 Animate Dead             Necr           60%        N/A       1%          4
 Conjure Flame            Conj/Fire      28%        6-21      3%          3
 Anguish                  Hex/Necr       19%        N/A       5%          4
 Freeze                   Ice            40%        1d6       6%          1
 Flame Wave               Conj/Fire      28%        2d9       12%         4
 Hailstorm                Conj/Ice       28%        3d8       12%         4
 Frozen Ramparts          Ice            20%        1d4       19%         3
 Inner Flame              Hex/Fire       10%        N/A       19%         3


Dungeon Overview and Level Annotations

Branches:
Dungeon (11/15)            Temple (1/1) D:7            Lair (0/5) D:10
    Orc (0/2) D:10

Altars:
Ashenzari
Cheibriados
Dithmenos
Fedhas
Gozag
Hepliaklqana
Kikubaaqudgha
Makhleb
Nemelex Xobeh
Okawaru
Qazlal
Ru
Sif Muna
Trog
Uskayaw
Vehumet
Wu Jian
Xom
Yredelemnul

Shops:
D:1 [*::   D:2 [   D:5 ?

Annotations:
D:11 2 runed translucent doors, mandoloar's ghost, journeyman MiFi


Innate Abilities, Weirdness & Mutations

You have hoof-like feet.
You are partially covered in sharp spines.
You have an unusually large brain. (Int +2)


Message History

Casting: Stone Arrow (safe; 1% risk of failure)
Confirm with . or Enter, or press ? or * to list all spells.
Aiming: Stone Arrow (safe; 1% risk of failure)
Press: ? - help, Shift-Dir - straight line, f/p - seven-headed hydra
Aim: a seven-headed hydra (moderately wounded, 92% to hit)
The stone arrow hits the seven-headed hydra!
The seven-headed hydra is heavily wounded.
The centaur shoots an arrow.
The arrow hits you!
The centaur zaps a wand.
You resist with almost no effort.
Casting: Stone Arrow (safe; 1% risk of failure)
Confirm with . or Enter, or press ? or * to list all spells.
Aiming: Vampiric Draining (safe; 1% risk of failure)
Press: ? - help, Shift-Dir - straight line, f/p - seven-headed hydra
Aim: a seven-headed hydra (heavily wounded)
You draw life force from the seven-headed hydra!
You feel life coursing into your body.
The centaur shoots an arrow.
The arrow hits you.
The seven-headed hydra is struck by your spines.
The seven-headed hydra bites you. x2
The seven-headed hydra closely misses you.
The seven-headed hydra bites you but does no damage.
The seven-headed hydra bites you! The seven-headed hydra bites you.
The seven-headed hydra bites you!
Okay, then.
Casting: Vampiric Draining (safe; 1% risk of failure)
Confirm with . or Enter, or press ? or * to list all spells.
Aiming: Vampiric Draining (safe; 1% risk of failure)
Press: ? - help, Shift-Dir - straight line, f/p - seven-headed hydra
Aim: a seven-headed hydra (severely wounded)
You draw life force from the seven-headed hydra!
You feel life coursing into your body!
The centaur shoots an arrow.
The arrow barely misses you.
The centaur shoots an arrow.
The arrow hits you.
The seven-headed hydra bites you but does no damage. x2
The seven-headed hydra bites you.
The seven-headed hydra closely misses you.
The seven-headed hydra bites you!
* * * LOW HITPOINT WARNING * * *
The seven-headed hydra bites you!
You die...
Kikubaaqudgha rasps: "You have failed me!
Welcome... death!"

# ....#~[#≈
#. .#..#.⌠~ #
#.###...+.)
§.
..#..c.+.#§§#
.. ......#~~≈
....#....#.
......D..#
#@# #.# #.#
#.# #.# ..#
#.# #.# #.###
#.#
###...######
. #.#
#..........#
.#########.#
#.#...####.#
#.#


You could see a seven-headed hydra and a centaur.

Vanquished Creatures
  2 two-headed ogres
  A shock serpent (shapeshifter) (D:7)
  Joseph (D:9)
  3 trolls
  A wyvern (D:8)
  A steam dragon (D:6)
  21 yaks
  Menkaure (D:6)
  3 vampire mosquitoes (D:10)
  2 acid dragons
  3 water moccasins
  A sky beast (D:7)
  2 black bears
  2 centaurs (D:9)
  2 phantoms
  A kobold brigand (D:10)
  4 scorpions
  14 wights
  13 killer bees
  2 howler monkeys
  3 jellies
  Crazy Yiuf (D:2)
  2 gnoll boudas
  4 hounds
  5 orc priests
  Jessica (D:2)
  Terence (D:3)
  5 iguanas
  Natasha (thrice) (D:2)
  An orc wizard (D:7)
  Robin (D:3)
  15 gnolls
  6 adders
  A shadow imp (D:6)
  2 ufetubi
  2 worms
  19 orcs
  6 endoplasms
  17 goblins
  4 hobgoblins
  7 jackals (D:2)
  4 quokkas
  6 ball pythons
  6 bats
  7 frilled lizards
  9 kobolds
  7 rats
225 creatures vanquished.

Vanquished Creatures (collateral kills)
  2 goblins
2 creatures vanquished.

Vanquished Creatures (others)
  A goblin zombie (D:3)
1 creature vanquished.

Grand Total: 228 creatures vanquished

Notes
Turn   | Place    | Note
-------+----------+-------------------------------------------
     0 | D:1      | suipiss the Demonspawn Necromancer began the quest for the
                  | Orb.
     0 | D:1      | Reached XP level 1. HP: 13/13 MP: 3/3
    56 | D:1      | Found Noiruzxim's Assorted Antiques.
   393 | D:1      | Found Urefiuth's Book Shoppe.
   593 | D:1      | Gained mutation: You have large cloven feet. [demonic
                  | ancestry]
   593 | D:1      | Reached XP level 2. HP: 19/19 MP: 1/5
   861 | D:1      | Found Wobuofru's Book Boutique.
  1157 | D:1      | Found Ummoul's Antique Armour Emporium.
  1772 | D:2      | Reached skill level 5 in Necromancy
  1772 | D:2      | Reached XP level 3. HP: 11/24 MP: 0/7
  1776 | D:2      | Learned a level 3 spell: Vampiric Draining
  1776 | D:2      | Noticed Natasha
  2006 | D:2      | Killed Natasha
  2164 | D:2      | Reached XP level 4. HP: 27/30 MP: 8/8
  2618 | D:2      | Noticed Natasha
  2624 | D:2      | Killed Natasha
  2659 | D:2      | Noticed Natasha
  2704 | D:2      | Killed Natasha
  2921 | D:2      | Noticed Jessica
  2927 | D:2      | Killed Jessica
  2928 | D:2      | Gained mutation: You are partially covered in sharp spines.
                  | [demonic ancestry]
  2928 | D:2      | Reached XP level 5. HP: 33/35 MP: 6/10
  2962 | D:2      | Found Optiodghefuu's Antique Armour Shop.
  3004 | D:2      | Found a runed translucent door.
  3005 | D:2      | Noticed Crazy Yiuf
  3015 | D:2      | Killed Crazy Yiuf
  3016 | D:2      | Reached skill level 6 in Necromancy
  3154 | D:2      | Found a faded altar of an unknown god.
  3301 | D:3      | Noticed Terence
  3303 | D:3      | Killed Terence
  3305 | D:3      | Noticed Robin
  3323 | D:3      | Killed Robin
  3490 | D:3      | Reached XP level 6. HP: 41/41 MP: 8/12
  3745 | D:3      | Learned a level 5 spell: Agony
  4384 | D:4      | Reached skill level 7 in Necromancy
  4500 | D:4      | Reached skill level 5 in Spellcasting
  4774 | D:5      | Entered Level 5 of the Dungeon
  4779 | D:5      | Reached XP level 7. HP: 46/46 MP: 14/14
  5255 | D:5      | Found Laosh's Magic Scroll Shoppe.
  5690 | D:5      | Reached skill level 8 in Necromancy
  6314 | D:1      | Bought a book of Geomancy for 198 gold pieces
  6318 | D:1      | Learned a level 3 spell: Stone Arrow
  6437 | D:6      | Noticed Menkaure
  6449 | D:6      | Killed Menkaure
  6450 | D:6      | Gained mutation: You have hoof-like feet. [demonic
                  | ancestry]
  6450 | D:6      | Reached XP level 8. HP: 40/52 MP: 17/17
  6783 | D:6      | Reached skill level 1 in Conjurations
  6783 | D:6      | Reached skill level 1 in Earth Magic
  7265 | D:6      | Noticed a two-headed ogre
  7274 | D:6      | Killed a two-headed ogre
  7275 | D:6      | Reached skill level 9 in Necromancy
  7275 | D:6      | Reached XP level 9. HP: 39/57 MP: 12/19
  7440 | D:6      | Found a burning altar of Makhleb.
  7858 | D:6      | Found a hazy altar of Hepliaklqana.
  7913 | D:7      | Noticed a glowing shapeshifter
  7913 | D:7      | a howler monkey changed into a glowing shapeshifter
  7913 | D:7      | a glowing shapeshifter changed into a floating eye
  7915 | D:7      | Paralysed by a floating eye for 3 turns
  7916 | D:7      | Noticed a glowing orange brain
  7916 | D:7      | a floating eye changed into a glowing orange brain
  7919 | D:7      | Noticed a shock serpent
  7919 | D:7      | a glowing orange brain changed into a shock serpent
  7922 | D:7      | Killed a shock serpent
  8182 | D:7      | Found a bloodstained altar of Trog.
  8261 | D:7      | Reached skill level 5 in Conjurations
  8261 | D:7      | Reached skill level 10 in Necromancy
  8419 | D:7      | Noticed a two-headed ogre
  8430 | D:7      | Killed a two-headed ogre
  8431 | D:7      | Reached skill level 5 in Earth Magic
  8431 | D:7      | Reached XP level 10. HP: 55/63 MP: 3/22
  8555 | D:7      | Found a staircase to the Ecumenical Temple.
  8589 | Temple   | Entered the Ecumenical Temple
  9714 | D:8      | Found an ancient bone altar of Kikubaaqudgha.
  9732 | D:8      | Became a worshipper of Kikubaaqudgha
 10415 | D:9      | Found a shimmering blue altar of Sif Muna.
 10502 | D:9      | Noticed Joseph
 10512 | D:9      | Killed Joseph
 10513 | D:9      | Reached skill level 11 in Necromancy
 11479 | D:2      | Bought a runed scarf for 216 gold pieces
 11658 | D:10     | Entered Level 10 of the Dungeon
 11755 | D:10     | Found a staircase to the Lair.
 11822 | D:10     | Found a staircase to the Orcish Mines.
 12021 | D:10     | Found a blossoming altar of Fedhas.
 12350 | D:10     | Gained mutation: You have an unusually large brain. (Int
                  | +2) [demonic ancestry]
 12350 | D:10     | Reached XP level 11. HP: 68/68 MP: 20/24
 13018 | D:11     | Noticed a seven-headed hydra
 13277 | D:11     | Reached * piety under Kikubaaqudgha
 13277 | D:11     | Received a gift from Kikubaaqudgha
 13609 | D:11     | Found a large runed translucent door.
 13610 | D:11     | Found a large runed translucent door.
 13612 | D:11     | Noticed mandoloar's ghost (journeyman MiFi)
 13616 | D:11     | Slain by a seven-headed hydra

Illustrated notes

Levels and vault maps discovered:
D:1:      minmay_arrival_four_loops, layout_loops_corners, serial_shops,
          nicolae_shop_trees, nicolae_shop_waterfront, nicolae_shop_stone,
          nicolae_shop_crystal
D:2:      layout_loops_cross, serial_shops, nicolae_shop_trees,
          shapermc_ecumenical_altar_ellora, uniq_natasha,
          uniq_crazy_yiuf_cottage, uniq_jessica
D:3:      layout_loops_cross, uniq_robin, uniq_terence
D:4:      layout_rooms
D:5:      layout_basic, serial_shops, shop
D:6:      layout_loops_cross, mainiacjoe_overflow_24_doors, lemuel_tele_altar,
          uniq_menkaure
D:7:      layout_loops_cross, mainiacjoe_overflow_paths,
          minmay_temple_entry_proselytizer
D:8:      layout_basic, kiku_gazebo_pond_becter, grunt_ministairs_13
D:9:      layout_small_grid, nicolae_sif_muna_condensation, minivault_27,
          uniq_joseph
D:10:     layout_roguey, old_standard_altar, lair_entry_dummy, orc_0_dummy
D:11:     layout_loops_ring, gauntlet_entry_generic,
          ebering_ghost_disaster_area, special_room [special_room_orc]
Temple:   lightli_temple_of_artemis

Skill      XL: |  1  2  3  4  5  6  7  8  9 10 11 |
---------------+----------------------------------+-----
Necromancy     | 5 6 7 8 9 10 11 | 11.8
Spellcasting   | 3 4 5 6 7 8 9 |  9.5
Conjurations   | 3 5 7 |  7.8
Earth Magic    | 3 5 6 7 |  7.1
Dodging        | |  1.7
Stealth        | |  1.7

Action                   |  1- 3 |  4- 6 |  7- 9 | 10-12 || total
-------------------------+-------+-------+-------+-------++-------
Melee: Club              |    10 |       |       |       ||    10
       Dagger            |    33 |    39 |       |       ||    72
       Kick              |     8 |    21 |    31 |    39 ||    99
       Quarterstaff      |       |    51 |   120 |    10 ||   181
       Mace              |       |       |       |    42 ||    42
       Hand axe          |       |       |       |    76 ||    76
       Punch             |       |       |       |     2 ||     2
 Cast: Necrotise         |    33 |     7 |     3 |       ||    43
       Vampiric Draining |     2 |    16 |    26 |    48 ||    92
       Stone Arrow       |       |       |    18 |    26 ||    44
       Agony             |       |       |       |     1 ||     1
Evoke: Wand              |       |       |     2 |     9 ||    11
  Use: Scroll            |       |     6 |     4 |     6 ||    16
       Potion            |       |     2 |     3 |     1 ||     6
 Stab: Sleeping          |     5 |     7 |     6 |       ||    18
       Distracted        |       |     1 |       |       ||     1
       Paralysed         |       |       |     6 |       ||     6
       Invisible         |       |       |       |     3 ||     3
Armor: Robe              |    15 |    15 |    15 |    62 ||   107
       Skin              |       |       |     4 |       ||     4
       Steam dragon scal |       |       |    28 |     3 ||    31
Dodge: Dodged            |    23 |    66 |    95 |   120 ||   304
